 Dungeon Crawl Stone Soup version 0.25.1-2-g60ff931df9 (webtiles) character file.

Game seed: 4624583402654441206

28562 Curus the Carver (level 13, -1/119 HPs)
             Began as a Minotaur Abyssal Knight on Sept 1, 2020.
             Was a High Priest of Lugonu.
             Slain by an ice beast (2 damage)
             ... summoned by an ice statue
             ... in an ice cave.
             The game lasted 00:59:55 (19641 turns).

Curus the Carver (Minotaur Abyssal Knight)         Turns: 19641, Time: 00:59:56

Health: -1/119     AC: 20    Str: 18    XL:     13   Next: 10%
Magic:  0/19       EV:  7    Int:  9    God:    Lugonu [*****.]
Gold:   477        SH:  0    Dex: 14    Spells: 12/12 levels left

rFire    + . .     SeeInvis .   u - +4 scimitar (flame)
rCold    . . .     Gourm    .   (no shield)
rNeg     . . .     Faith    .   z - +1 plate armour
rPois    +         Spirit   +   (helmet restricted)
rElec    .         Reflect  .   (no cloak)
rCorr    .         Harm     .   (no gloves)
MR       .....     Rnd*Rage +   o - +2 pair of boots
Stlth    ..........             v - amulet of guardian spirit
HPRegen  0.29/turn              M - ring of poison resistance
MPRegen  0.16/turn              C - ring of protection from fire

@: no status effects
A: retaliatory headbutt, horns 2, berserk 1, sense surroundings 1
a: Depart the Abyss, Bend Space, Banish, Corrupt, Enter the Abyss, Renounce
Religion


You were in an ice cave.
You worshipped Lugonu.
Lugonu was extremely pleased with you.
You were not hungry.

You visited 2 branches of the dungeon, and saw 16 of its levels.
You visited the Abyss 1 time.
You also visited: Ossuary and Ice Cave.

You collected 977 gold pieces.
You spent 500 gold pieces at shops.

Inventory:

Hand Weapons
 a - a +2 falchion
 u - a +4 scimitar of flaming (weapon)
Armour
 b - a +0 leather armour
 d - a +1 scale mail
 h - a +0 chain mail
 k - a +0 pair of boots
 o - a +2 pair of boots (worn)
 z - a +1 plate armour (worn)
 B - +1 swamp dragon scales
 E - the +1 ring mail "Neutit" {rC- rN+ Int+5}
   (You found it on level 9 of the Dungeon)

   It affects your intelligence (+5).
   It makes you vulnerable to cold.
   It protects you from negative energy.
Jewellery
 e - an uncursed ring of protection from magic
 g - an uncursed ring of fire
 j - a +6 ring of intelligence
 p - an uncursed ring of magical power
 q - an uncursed ring of magical power
 r - a +6 ring of intelligence
 v - an amulet of guardian spirit (around neck)
 C - a ring of protection from fire (right hand)
 M - a ring of poison resistance (left hand)
Wands
 x - a wand of digging (3)
 y - a wand of random effects (16)
 H - a wand of polymorph (28)
 K - a wand of iceblast (10)
 O - a wand of flame (23)
Scrolls
 f - 16 scrolls of identify
 i - 11 scrolls of teleportation
 m - a scroll of fog
 w - 2 scrolls of amnesia
 D - a scroll of fear
 G - 5 scrolls of remove curse
 I - 3 scrolls of vulnerability
 J - 4 scrolls of magic mapping
 P - a scroll of blinking
 Q - a scroll of brand weapon
Potions
 l - 3 potions of ambrosia
 n - 7 potions of curing
 s - a potion of brilliance
 t - 2 potions of cancellation
 A - 2 potions of heal wounds
 F - 3 potions of flight
 L - 3 potions of resistance
 N - a potion of haste
Comestibles
 c - 25 rations


   Skills:
 + Level 12.8 Fighting
 - Level 14.0 Long Blades
 + Level 12.6 Armour
 - Level 1.1 Dodging
 - Level 10.0 Invocations
 - Level 6.0 Evocations


You had 12 spell levels left.
You didn't know any spells.
Your spell library contained the following spells:

 Spells                   Type           Power        Failure   Level  Hunger
 Animate Skeleton         Necr           N/A          100%        1    ##.....
 Apportation              Tloc           #.....       100%        1    ##.....
 Corona                   Hex            #......      100%        1    ##.....
 Magic Dart               Conj           #...         100%        1    ##.....
 Summon Small Mammal      Summ           #...         100%        1    ##.....
 Blink                    Tloc           N/A          100%        2    ###....
 Call Imp                 Summ           #.......     100%        2    ###....
 Ensorcelled Hibernation  Hex/Ice        #.....       100%        2    ###....
 Searing Ray              Conj           #.....       100%        2    ###....
 Slow                     Hex            #.......     100%        2    ###....
 Confusing Touch          Hex            #.......     100%        3    ####...
 Conjure Flame            Conj/Fire      #.......     100%        3    ####...
 Dazzling Flash           Conj/Hex       #.....       100%        3    ####...
 Mephitic Cloud           Conj/Pois/Air  #.......     100%        3    ####...
 Tukima's Dance           Hex            #.......     100%        3    ####...
 Fulminant Prism          Conj/Hex       #.........   100%        4    #####..
 Iskenderun's Mystic Bla  Conj/Tloc      #.......     100%        4    #####..


Dungeon Overview and Level Annotations

Branches:
Dungeon (11/15)            Temple (0/1) D:5            Lair (5/6) D:11
 Shoals (0/4) Lair:2        Snake (0/4) Lair:4      Ossuary (visited)
  IceCv (1/1)
  Slime: Lair:5-6       Orc: D:9-12

Altars:
Elyvilon
Vehumet

Shops:
D:9 ?   D:10 *

Annotations:
D:3 3 runed translucent doors, Joresh2's ghost, amateur NaTm
D:10 1 runed translucent door
D:11 1 runed translucent door, Baduid's ghost, journeyman TrMo
Lair:3 exclusion: oklob plant
Lair:4 1 runed translucent door, HunfridMar's ghost, journeyman DECj IceCv exclusion: 2 ice statues


Innate Abilities, Weirdness & Mutations

You reflexively headbutt those who attack you in melee.
You have a pair of horns on your head.
You tend to lose your temper in combat.
You passively map a small area around you.


Message History

You hit the ice statue but do no damage.
You headbutt the ice statue.
The ice statue is almost destroyed.
You are engulfed in freezing vapours.
The ice statue gestures at you. The bolt of cold hits you!!
* * * LOW HITPOINT WARNING * * *
The bolt of cold hits the ice beast.
The ice beast completely resists.
The ice beast hits you but does no damage.
The ice beast closely misses you. You furiously retaliate!
You headbutt the ice beast.
The ice beast hits you but does no damage.
The ice beast barely misses you.
You riposte.
You slash the ice beast!
You melt the ice beast.
The ice beast is moderately wounded.
You are engulfed in freezing vapours.
* * * LOW HITPOINT WARNING * * *
The ice beast hits you but does no damage.
The ice beast hits you.
You die...

##...# * #...##
* #...## *
,#....## *
#..#...# ,
#.####..# ##
##..## #.÷##
*##.@####
#8#.YYY#8##
*#.....°YY°.#* ,
, *
....Y....○○..#
........°.....#
...............#
...............#
* ,
..............##
#...........##


You could see 6 ice beasts.

Vanquished Creatures
  Harold (D:7)
  A hydra (Lair:5)
  2 two-headed ogres
  Urug (D:10)
  5 skeletal warriors (D:11)
  An oklob plant (D:11)
  4 black mambas (Lair:4)
  3 elephants (Lair:5)
  Maggie (D:7)
  6 spiny frogs
  A kobold demonologist (D:10)
  A rime drake (IceCv)
  6 komodo dragons
  8 blink frogs
  2 hippogriffs
  A spriggan (D:7)
  18 yaks
  A wraith (D:10)
  A shadow (D:11)
  A steam dragon (D:7)
  2 basilisks
  A soldier ant (D:10)
  22 water moccasins
  Duvessa (D:7)
  8 porcupines
  An orc warrior (D:8)
  12 ice beasts
  6 sky beasts
  2 black bears
  4 ogres
  9 centaurs
  6 crocodiles
  Blork the orc (D:5)
  4 elf zombies (Ossuary)
  A gnoll sergeant (D:10)
  10 bullfrogs
  Dowan (D:7)
  3 scorpions
  4 wights (D:10)
  An electric eel (Lair:3)
  3 howler monkeys
  4 crimson imps
  A bullfrog zombie (D:7)
  3 centaur zombies
  3 hounds
  4 orc priests
  10 orc wizards
  A human zombie (Ossuary)
  3 centaur skeletons
  3 iguanas
  5 worker ants
  A big kobold zombie (Ossuary)
  3 hound zombies
  A hound skeleton (D:4)
  3 mummies (Ossuary)
  A howler monkey zombie (D:5)
  13 adders
  6 gnolls
  3 oozes
  7 adder zombies
  3 adder skeletons
  2 worms
  2 dart slugs
  4 leopard geckos
  23 orcs
  2 ball pythons
  5 giant cockroaches
  2 gnoll zombies (Ossuary)
  4 goblins
  3 hobgoblins
  15 jackals
  4 quokkas
  3 bats
  2 frilled lizards (D:1)
  6 goblin zombies
  3 hobgoblin zombies (Ossuary)
  3 jackal zombies (Ossuary)
  9 kobolds
  An orc zombie (Ossuary)
  A quokka skeleton (D:7)
  3 quokka zombies
  6 rats
  5 rat zombies (Ossuary)
  A plant (D:11)
354 creatures vanquished.

Vanquished Creatures (others)
  A plant (Lair:3)
1 creature vanquished.

Grand Total: 355 creatures vanquished

Notes
Turn   | Place    | Note
-------+----------+-------------------------------------------
     0 | Abyss:1  | Curus the Minotaur Abyssal Knight began the quest for the
                  | Orb.
     0 | Abyss:1  | Reached XP level 1. HP: 19/19 MP: 1/1
    15 | Abyss:1  | Noticed a thrashing horror
    16 | Abyss:1  | Noticed a large abomination
    17 | D:1      | Escaped the Abyss
   360 | D:1      | Reached * piety under Lugonu
   360 | D:1      | Reached XP level 2. HP: 17/26 MP: 2/2
   476 | D:1      | Reached skill level 3 in Long Blades
   890 | D:1      | Reached XP level 3. HP: 31/31 MP: 4/4
  1179 | D:2      | Found a faded altar of an unknown god.
  1197 | D:2      | Reached skill level 4 in Long Blades
  1322 | D:2      | Reached XP level 4. HP: 36/39 MP: 5/5
  1485 | D:2      | Reached ** piety under Lugonu
  1870 | D:3      | Found a runed translucent gate.
  1871 | D:3      | Found a runed translucent gate.
  1871 | D:3      | Found a runed translucent gate.
  2041 | D:3      | Reached XP level 5. HP: 42/45 MP: 6/6
  2263 | D:3      | Gained mutation: You have large cloven feet. [potion of
                  | mutation]
  2263 | D:3      | Lost mutation: You have large cloven feet. [potion of
                  | mutation]
  2263 | D:3      | Gained mutation: You tend to lose your temper in combat.
                  | [potion of mutation]
  2263 | D:3      | Gained mutation: You passively map a small area around you.
                  | [potion of mutation]
  2449 | D:3      | Noticed Joresh2's ghost (amateur NaTm)
  2662 | D:4      | Reached skill level 5 in Long Blades
  2812 | D:4      | Found a white marble altar of Elyvilon.
  3268 | D:4      | Reached XP level 6. HP: 39/51 MP: 8/8
  3482 | D:4      | Reached skill level 6 in Long Blades
  3482 | D:4      | Reached skill level 5 in Invocations
  3664 | D:5      | Entered Level 5 of the Dungeon
  3790 | D:5      | Found a staircase to the Ecumenical Temple.
  3920 | D:5      | Reached XP level 7. HP: 55/57 MP: 10/10
  4026 | D:5      | Reached skill level 7 in Long Blades
  4169 | D:5      | Noticed Blork the orc
  4180 | D:5      | Killed Blork the orc
  4421 | D:5      | Reached *** piety under Lugonu
  4932 | D:6      | Reached skill level 8 in Long Blades
  5026 | D:6      | Found a sand-covered staircase.
  5039 | Ossuary  | Entered an ossuary
  5107 | Ossuary  | Reached XP level 8. HP: 64/64 MP: 12/12
  5594 | Ossuary  | Reached skill level 9 in Long Blades
  5798 | D:6      | Reached **** piety under Lugonu
  5814 | D:6      | Identified a scroll of acquirement
  5814 | D:6      | Acquired a +2 scimitar of holy wrath
  6150 | D:7      | You fall into a shaft and drop 2 floors!
  6255 | D:9      | Noticed a two-headed ogre
  6604 | D:7      | Noticed Harold
  6612 | D:7      | Reached skill level 10 in Long Blades
  6640 | D:7      | Killed Harold
  6640 | D:7      | Reached skill level 11 in Long Blades
  6640 | D:7      | Reached XP level 9. HP: 13/70 MP: 6/14
  7415 | D:7      | Noticed Duvessa
  7415 | D:7      | Noticed Dowan
  7427 | D:7      | Killed Duvessa
  7436 | D:7      | Killed Dowan
  7556 | D:7      | Noticed Maggie
  7578 | D:7      | Killed Maggie
  7578 | D:7      | Reached skill level 12 in Long Blades
  8785 | D:8      | Reached XP level 10. HP: 75/77 MP: 16/16
  9140 | D:9      | Killed a two-headed ogre
  9140 | D:9      | Reached skill level 13 in Long Blades
  9151 | D:9      | Got a bloodstained ring mail
  9454 | D:9      | Found Vopnam's Magic Scroll Boutique.
  9459 | D:9      | Bought a scroll of remove curse for 51 gold pieces
  9459 | D:9      | Bought 3 scrolls of teleportation for 153 gold pieces
  9459 | D:9      | Bought a scroll of enchant armour for 127 gold pieces
  9459 | D:9      | Bought a scroll of vulnerability for 127 gold pieces
 10108 | D:9      | Identified the +1 ring mail "Neutit" {rC- rN+ Int+5} (You
                  | found it on level 9 of the Dungeon)
 10110 | D:10     | Entered Level 10 of the Dungeon
 10141 | D:10     | Reached skill level 10 in Invocations
 10341 | D:10     | Reached skill level 14 in Long Blades
 10458 | D:10     | Noticed a two-headed ogre
 10463 | D:10     | Noticed Urug
 10471 | D:10     | Found a radiant altar of Vehumet.
 10822 | D:10     | Found Buoses's General Store.
 10830 | D:10     | Bought a potion of curing for 42 gold pieces
 10872 | D:10     | Killed a two-headed ogre
 10872 | D:10     | Reached skill level 5 in Fighting
 11077 | D:10     | Killed Urug
 11077 | D:10     | Reached skill level 5 in Armour
 11284 | D:10     | Found a runed translucent door.
 11288 | D:10     | Noticed a sixfirhy
 11297 | D:10     | Noticed a soul eater
 11298 | D:10     | Noticed a sixfirhy
 11669 | D:10     | Reached XP level 11. HP: 91/91 MP: 17/17
 11961 | D:11     | Noticed Baduid's ghost (journeyman TrMo)
 11964 | D:11     | Found a runed translucent door.
 11976 | D:11     | Noticed a skeletal warrior
 11977 | D:11     | Noticed a skeletal warrior
 11993 | D:11     | Killed a skeletal warrior
 12004 | D:11     | Killed a skeletal warrior
 12278 | D:11     | Found a staircase to the Lair.
 12278 | D:11     | Noticed an oklob plant
 12352 | D:11     | Noticed a skeletal warrior
 12368 | D:11     | Killed a skeletal warrior
 12468 | D:11     | Noticed a skeletal warrior
 12493 | D:11     | Killed a skeletal warrior
 12577 | D:11     | Noticed a skeletal warrior
 12607 | D:11     | Killed a skeletal warrior
 13809 | D:11     | Killed an oklob plant
 13835 | Lair:1   | Entered Level 1 of the Lair of Beasts
 13935 | Lair:1   | Reached skill level 1 in Evocations
 14035 | Lair:1   | You fall into a shaft and drop 1 floor!
 15303 | Lair:2   | Reached skill level 5 in Evocations
 15415 | Lair:2   | Found a staircase to the Shoals.
 15428 | Lair:2   | Reached XP level 12. HP: 102/106 MP: 16/18
 16323 | Lair:3   | Noticed a six-headed hydra
 16324 | Lair:3   | Banished a six-headed hydra
 16330 | Lair:3   | Reached skill level 10 in Fighting
 16533 | Lair:3   | Reached ***** piety under Lugonu
 16533 | Lair:3   | Reached skill level 10 in Armour
 17538 | Lair:4   | Found a staircase to the Snake Pit.
 17665 | Lair:4   | Found a runed translucent door.
 17850 | Lair:4   | Noticed HunfridMar's ghost (journeyman DECj)
 18943 | Lair:5   | Noticed a five-headed hydra
 18951 | Lair:5   | Killed a one-headed hydra
 19276 | Lair:5   | Reached XP level 13. HP: 110/119 MP: 19/19
 19289 | Lair:5   | Found a frozen archway.
 19313 | IceCv    | Entered an ice cave
 19640 | IceCv    | HP: 1/119 [something] (21)]
 19641 | IceCv    | Slain by an ice beast

Illustrated notes

Levels and vault maps discovered:
D:1:      lemuel_arrival_room, layout_loops_corners, supply_closet_lemuel,
          serial_bayou_ford_a, minmay_misc_feat_alley
D:2:      layout_basic, chequers_ecumenical_altar_island
D:3:      layout_basic, gammafunk_ghost_icy, hangedman_decor_riveting,
          nicolae_underground_beach
D:4:      layout_basic, elyvilon_altar_5, first_ration
D:5:      layout_rooms, minmay_temple_entry_mini_moons, uniq_blork_the_orc
D:6:      layout_basic, enter_ossuary_4
D:7:      layout_basic, the_bakery, uniq_duvessa, uniq_maggie, uniq_harold
D:8:      layout_loops_corners
D:9:      layout_layer_cave, serial_shops, kennysheep_little_box,
          chequers_serial_rivers_marsh
D:10:     cheibrodos_shockbox, layout_loops_cross, basic_altar, serial_shops,
          shop, uniq_urug
D:11:     layout_long_grid, dpeg_oklobed_lair, hellmonk_ghost_happy_afterlife
Lair:1:   layout_layer_cave
Lair:2:   layout_chaotic_city, minmay_shoals_entry_centaurs, serial_bayou_pond_e
Lair:3:   layout_hall_layers, minmay_lair_oklob_chamber, serial_bayou_shore_a,
          grunt_megastairs_3
Lair:4:   layout_regular_city, minmay_snake_entry_six_corridors,
          hellmonk_ghost_happy_afterlife
Lair:5:   layout_cellular_growth, portal_ice_cave_entry_pillars_2,
          lemuel_fruit_tree
IceCv:    ice_cave_small_dragons

Skill      XL: |  1  2  3  4  5  6  7  8  9 10 11 12 |
---------------+-------------------------------------+-----
Invocations    | 2 3 4 5 6 8 9 10 | 10.0
Long Blades    | 3 4 5 6 8 11 12 14 | 14.0
Fighting       | 6 9 12 | 12.8
Armour         | 6 9 12 | 12.6
Evocations     | 5 6 |  6.0
Dodging        | |  1.1

Action                   |  1- 3 |  4- 6 |  7- 9 | 10-12 | 13-15 || total
-------------------------+-------+-------+-------+-------+-------++-------
Melee: Falchion          |    95 |   172 |   263 |       |       ||   530
       Headbutt          |     5 |    27 |    88 |   156 |    11 ||   287
       Scimitar          |       |       |   177 |   692 |    61 ||   930
Invok: Depart the Abyss  |     1 |       |       |       |       ||     1
       Banish            |       |       |       |     2 |       ||     2
       Bend Space        |       |       |       |     1 |       ||     1
Evoke: Wand              |       |       |     1 |     6 |       ||     7
  Use: Scroll            |     4 |     2 |     7 |    10 |       ||    23
       Potion            |     4 |     6 |     5 |     3 |       ||    18
  Eat: Chunk             |     1 |     9 |     7 |    22 |     2 ||    41
       Ration            |       |       |     3 |     3 |       ||     6
Armor: Scale mail        |    26 |       |       |       |       ||    26
       Chain mail        |    23 |   121 |   212 |       |       ||   356
       Swamp dragon scal |       |       |    11 |    18 |       ||    29
       Plate armour      |       |       |       |   264 |    42 ||   306
Dodge: Dodged            |    47 |    51 |   110 |   165 |    21 ||   394
       Rpst.: Falchion   |     9 |     8 |    25 |       |       ||    42
       Scimitar          |       |       |    12 |    54 |     7 ||    73
